 Dungeon Crawl Stone Soup version 0.29-a0-330-g52719c12eb (webtiles) character file.

Game seed: 10267002995038855632

1967 HoaS the Quickloader (level 9, -3/60 HPs)
             Began as a Kobold Hunter on May 31, 2022.
             Killed from afar by Maggie (16 damage)
             ... with a bolt of fire
             ... on level 6 of the Dungeon.
             The game lasted 00:17:46 (6719 turns).

HoaS the Quickloader (Kobold Hunter)                Turns: 6719, Time: 00:17:46

Health: -3/60      AC:  9    Str:  8    XL:     9   Next: 43%
Magic:  9/9        EV: 20    Int: 10    God:
Gold:   1056       SH:  0    Dex: 23    Spells: 8/8 levels left

rFire   . . .      SeeInvis .   a - +1 hand crossbow
rCold   . . .      Faith    .   (no shield)
rNeg    . . .      Spirit   .   s - +4 robe "Cealanef" {rPois}
rPois   +          Reflect  .   (no helmet)
rElec   .          Harm     .   k - +2 cloak
rCorr   .          Rampage  .   (no gloves)
Will    .....                   (no boots)
Stlth   ++++......              (no amulet)
HPRegen 0.20/turn               (no ring)
MPRegen 0.11/turn               (no ring)

@: mesmerised
A: small, no large weapons, nightstalker 3
a: no special abilities


You were on level 6 of the Dungeon.
You visited 1 branch of the dungeon, and saw 6 of its levels.

You collected 1056 gold pieces.

Inventory:

Hand Weapons
 a - a +1 hand crossbow (weapon)
Missiles
 q - a throwing net
Armour
 k - a +2 cloak (worn)
 s - the +4 robe "Cealanef" (worn) {rPois}
   (You found it on level 5 of the Dungeon)

   rPois:     It protects you from poison.
Jewellery
 b - a ring of poison resistance
 i - a ring of fire
Wands
 n - a wand of acid (5)
 o - a wand of mindburst (21)
 p - a wand of polymorph (4)
Scrolls
 c - 2 scrolls of immolation
 l - 5 scrolls of identify
 m - a scroll of blinking
Potions
 d - 2 potions of cancellation
 e - a potion of berserk rage
 f - a potion of curing
 h - a potion of attraction
 j - 2 potions of mutation


   Skills:
 * Level 8.9 Fighting
 - Level 10.0 Crossbows
 + Level 7.0 Dodging
 - Level 3.0 Stealth


You had 8 spell levels left.
You didn't know any spells.
Your spell library contained the following spells:

 Spells                   Type           Power      Damage    Failure   Level
 Foxfire                  Conj/Fire      0%         2x1d4     36%         1
 Conjure Flame            Conj/Fire      0%         6-21      75%         3
 Ignite Poison            Fire/Tmut/Pois 0%         N/A       75%         3
 Inner Flame              Hex/Fire       0%         N/A       75%         3
 Tukima's Dance           Hex            0%         N/A       75%         3
 Anguish                  Hex/Necr       0%         N/A       98%         4
 Flame Wave               Conj/Fire      0%         2d4       98%         4
 Olgreb's Toxic Radiance  Pois           0%         N/A       98%         4
 Sticky Flame             Conj/Fire      0%         2d3       98%         4
 Enfeeble                 Hex            0%         N/A       100%        7
 Ozocubu's Refrigeration  Ice            0%         4d5       100%        7
 Ignition                 Fire           0%         3d3       100%        8


Dungeon Overview and Level Annotations

Branches:
Dungeon (6/15)             Temple (0/1) D:5

Altars:
Hepliaklqana
Ru
Yredelemnul

Shops:
D:5 *

Annotations:
D:6 Maggie


Innate Abilities, Weirdness & Mutations

You are small and have problems with some larger weapons.
You are completely attuned to the shadows.


Message History

Maggie casts a spell at you. The bolt of fire hits you!
Maggie barely misses you.
Shoot: a) +1 hand crossbow
Press: ? - help, Q - select action, (/) - cycle Shift-Dir - straight line, f/p - Maggie
Aim: Maggie, wielding a +2 morningstar of pain and wearing +0 swamp dragon scales (severely wounded, fast, covered in acid, 75% to hit)
You shoot a bolt.
The bolt hits Maggie but does no damage.
Maggie is severely wounded.
Maggie gestures at you while chanting. The bolt of fire hits you!
* * * LOW HITPOINT WARNING * * *
Shoot: a) +1 hand crossbow
Press: ? - help, Q - select action, (/) - cycle Shift-Dir - straight line, f/p - Maggie
Aim: Maggie, wielding a +2 morningstar of pain and wearing +0 swamp dragon scales (severely wounded, fast, covered in acid, 75% to hit)
You shoot a bolt. The bolt hits Maggie!
Maggie is severely wounded.
Maggie is no longer covered in acid.
Maggie mumbles some strange words.
Maggie attempts to bespell you!
You are mesmerised by Maggie!
Maggie hits you with a +2 morningstar of pain.
* * * LOW HITPOINT WARNING * * *
You writhe in agony.
* * * LOW HITPOINT WARNING * * *
Shoot: a) +1 hand crossbow
Press: ? - help, Q - select action, (/) - cycle Shift-Dir - straight line, f/p - Maggie
Aim: Maggie, wielding a +2 morningstar of pain and wearing +0 swamp dragon scales (severely wounded, mesmerising, fast, 75% to hit)
You shoot a bolt.
The bolt hits Maggie but does no damage.
Maggie is severely wounded.
Maggie misses you.
Shoot: a) +1 hand crossbow
Press: ? - help, Q - select action, (/) - cycle Shift-Dir - straight line, f/p - Maggie
Aim: Maggie, wielding a +2 morningstar of pain and wearing +0 swamp dragon scales (severely wounded, mesmerising, fast, 75% to hit)
You shoot a bolt. The bolt hits Maggie.
Maggie is almost dead.
Maggie barely misses you. Maggie casts a spell at you.
The bolt of fire hits you!
You die...

#.# #.# #.# ##########.# #.#
#..........# #.# #.#
#.########## #.# #.# #.# #.#
##.#####.####### ####.#### ##
#..............###.........###.
##.#####.......@...####.##.....
### #######@# #.######. #.# #<#
#. #.# #.# #. #.# ####.#### #.
#.# #.......# #. #.# #.##.##.#
#. #.# #.#.#.#.###.
#.#####..###...... #..)....##
##.###.


You could see Maggie (mesmerising, fast).

Vanquished Creatures
  Grinder (D:3)
  Sigmund (D:3)
  Edmund (D:6)
  Menkaure (D:5)
  2 ice beasts
  A black bear (D:6)
  2 ogres
  A phantom (D:5)
  2 necrophages
  2 scorpions
  2 howler monkeys
  3 hounds
  2 jellies
  Crazy Yiuf (D:5)
  A gnoll shaman (D:5)
  Jessica (D:3)
  2 orc wizards (D:3)
  A scorpion zombie (D:3)
  2 iguanas
  8 gnolls
  5 adders
  An adder zombie (D:3)
  A dart slug (D:4)
  A worm (D:3)
  10 orcs
  8 ball pythons
  4 endoplasms
  3 giant cockroaches
  6 goblins
  7 hobgoblins
  2 jackals (D:1)
  2 quokkas
  4 bats
  2 frilled lizards
  9 kobolds
  4 rats
106 creatures vanquished.

Vanquished Creatures (others)
  A rat (D:3)
  5 plants (D:6)
6 creatures vanquished.

Grand Total: 112 creatures vanquished

Notes
Turn   | Place    | Note
-------+----------+-------------------------------------------
     0 | D:1      | HoaS the Kobold Hunter began the quest for the Orb.
     0 | D:1      | Reached XP level 1. HP: 12/12 MP: 1/1
    60 | D:1      | Found a faded altar of an unknown god.
   141 | D:1      | Reached XP level 2. HP: 17/17 MP: 2/2
   183 | D:1      | Reached skill level 6 in Crossbows
   332 | D:1      | Reached XP level 3. HP: 21/21 MP: 3/3
  1194 | D:2      | Reached skill level 7 in Crossbows
  1591 | D:3      | Noticed Jessica
  1600 | D:3      | Killed Jessica
  1601 | D:3      | Reached XP level 4. HP: 20/26 MP: 4/4
  1836 | D:2      | Reached XP level 5. HP: 26/30 MP: 5/5
  1954 | D:3      | Reached skill level 8 in Crossbows
  1985 | D:3      | Identified a scroll of acquirement
  1985 | D:3      | Acquired 595 gold pieces
  2272 | D:3      | Noticed Grinder
  2369 | D:3      | Reached skill level 9 in Crossbows
  2369 | D:3      | Reached XP level 6. HP: 23/35 MP: 6/6
  2478 | D:3      | Found a basalt altar of Yredelemnul.
  2599 | D:3      | Noticed Sigmund
  2605 | D:3      | Killed Sigmund
  2606 | D:3      | Reached skill level 10 in Crossbows
  2606 | D:3      | Reached XP level 7. HP: 24/40 MP: 7/7
  3977 | D:4      | Found a hazy altar of Hepliaklqana.
  4069 | D:3      | Paralysed by Grinder for 7 turns
  4087 | D:3      | Killed Grinder
  4088 | D:3      | Reached XP level 8. HP: 27/48 MP: 8/8
  4253 | D:5      | Entered Level 5 of the Dungeon
  4383 | D:5      | Reached skill level 5 in Fighting
  4907 | D:5      | Identified the +4 robe "Cealanef" {rPois}
  5117 | D:5      | Found Toitap's Neck Hole.
  5322 | D:5      | Reached skill level 5 in Dodging
  5512 | D:5      | Noticed Menkaure
  5515 | D:5      | Killed Menkaure
  5592 | D:5      | Found a runed translucent door.
  5595 | D:5      | Noticed Crazy Yiuf
  5602 | D:5      | Killed Crazy Yiuf
  5628 | D:5      | Found a staircase to the Ecumenical Temple.
  5685 | D:5      | Reached XP level 9. HP: 57/57 MP: 9/9
  6134 | D:6      | Noticed Edmund
  6151 | D:6      | Killed Edmund
  6362 | D:6      | Found a sacrificial altar of Ru.
  6709 | D:6      | Noticed Maggie
  6719 | D:6      | Killed from afar by Maggie

Illustrated notes

Levels and vault maps discovered:
D:1:      kennysheep_arrival_seaside, layout_rooms, basic_ecumenical_altar,
          minmay_bisected
D:2:      layout_basic, minmay_misc_feat_rows, kennysheep_minor_cross,
          chequers_decorated_corner
D:3:      layout_loops_ring, lemuel_zombie_altar_yredelemnul,
          lemuel_flame_loot_1, uniq_grinder, uniq_jessica, uniq_sigmund
D:4:      layout_loops_ring, nicolae_hepliaklqana_hippocampus
D:5:      layout_cave_pods, minmay_temple_entry_nine_rooms,
          nicolae_shop_sticking_my_neck_out, uniq_menkaure,
          uniq_crazy_yiuf_cottage
D:6:      layout_loops_ring, nicolae_ru_the_path_less_chosen,
          nicolae_fountain_basement, uniq_edmund, uniq_maggie

Skill      XL: |  1  2  3  4  5  6  7  8  9 |
---------------+----------------------------+-----
Crossbows      | 6 7 9 10 | 10.0
Fighting       | 4 7 8 |  8.9
Dodging        | 3 5 7 |  7.0
Stealth        | 3 |  3.0

Action                   |  1- 3 |  4- 6 |  7- 9 || total
-------------------------+-------+-------+-------++-------
 Fire: Hand crossbow     |    83 |    95 |   258 ||   436
Throw: Throwing net      |       |       |     3 ||     3
Evoke: Wand              |       |       |     2 ||     2
  Use: Scroll            |     5 |     5 |     7 ||    17
       Potion            |       |       |     1 ||     1
Armor: Leather armour    |    10 |       |       ||    10
       Robe              |       |    11 |    26 ||    37
Dodge: Dodged            |    16 |    31 |    86 ||   133

Table legend: (Time is in decaauts)
 A = Elapsed time spent in this place.
 B = Non-inter-level travel time spent in this place.
 C = Inter-level travel time spent in this place.
 D = Time resting spent in this place.
 E = Time spent auto-exploring this place.
 F = Levels seen in this place.
 G = Mean time per level.
                   A        B        C        D        E       F      G
               +--------+--------+--------+--------+--------+-----+--------+
         Total |   6748 |   6320 |    428 |   1474 |   3984 |   6 | 1124.7 |
       Dungeon |   6748 |   6320 |    428 |   1474 |   3984 |   6 | 1124.7 |
               +--------+--------+--------+--------+--------+-----+--------+

Top non-repeatable levels by time:
     D:5: 1665 daAuts
     D:3: 1548 daAuts
     D:2: 1037 daAuts
     D:4: 944 daAuts
     D:6: 799 daAuts
     D:1: 753 daAuts
